 Dungeon Crawl Stone Soup version bcrawl-1.19.2-6-g6a88ae04c9 (webtiles) character file.

Game seed: 1330720709889101533

40690 Mrkan the Cleaver (level 13, -11/122 HPs)
             Began as a Minotaur Fighter on Dec 31, 2019.
             Was an Initiate of Gozag.
             Mangled by a dire elephant (14 damage)
             ... on level 6 of the Lair of Beasts.
             The game lasted 00:23:34 (17348 turns).

Mrkan the Cleaver (Minotaur Fighter)               Turns: 17348, Time: 00:23:35

Health: -11/122    AC: 23    Str: 21    XL:     13   Next: 76%
Magic:  12/12      EV: 13    Int:  5    God:    Gozag
Gold:   4651       SH: 13    Dex: 15    Spells: 12/12 levels left

rFire    + . .     SeeInvis .   a - +1 war axe (chop)
rCold    . . .     Gourm    .   c - +0 shield
rNeg     . . .     Faith    .   p - +5 chain mail "Amedum" {rPois Slay+5}
rPois    +         Spirit   .   (helmet restricted)
rElec    .         Reflect  .   t - +2 cloak
rCorr    .         Harm     .   (no gloves)
MR       .....                  N - +2 pair of boots {Stlth++}
Stlth    ..........             (no amulet)
HPRegen  0.30/turn              u - ring of poison resistance
MPRegen  0.13/turn              x - ring of protection from fire

@: studying Short Blades
A: retaliatory headbutt, horns 2
a: Potion Petition, Call Merchant, Bribe Branch, Renounce Religion


You were on level 6 of the Lair of Beasts.
You worshipped Gozag.
Gozag was most pleased with you.
You were very hungry.

You visited 2 branches of the dungeon, and saw 15 of its levels.
You also visited: Sewer.

You collected 4694 gold pieces.
You paid 43 gold pieces to Gozag.

Inventory:

Hand Weapons
 a - a +1 war axe of chopping (weapon)
 H - the +5 dagger of Untimely Demise {pierce, *Rage rF+++ Int-4 Stlth+, unknown}
   (You found it on level 1 of the Lair of Beasts)

   It inflicts extra damage upon your enemies.
   It affects your intelligence (-4).
   It renders you almost immune to fire.
   It may make you go berserk in combat.
   It makes you more stealthy.
Missiles
 G - 2182 stones (quivered)
Armour
 c - a +0 shield (worn)
 n - the +2 plate armour of Protective Custody {Dex+5}
   (You found it on level 4 of the Dungeon)

   It affects your dexterity (+5).
 p - the +5 chain mail "Amedum" (worn) {rPois Slay+5}
   (You found it on level 9 of the Dungeon)

   It affects your accuracy and damage with ranged weapons and melee attacks
   (+5).
   It protects you from poison.
 t - a +2 cloak (worn)
 A - a scarf of stasis
 N - a +2 pair of boots of stealth (worn)
 O - cursed +0 fire dragon scales
Jewellery
 u - a ring of poison resistance (left hand)
 x - a ring of protection from fire (right hand)
 F - an uncursed ring of protection from cold {unknown}
 J - a +4 ring of dexterity {unknown}
 L - an uncursed ring of fire {unknown}
 M - an uncursed ring of resist corrosion {unknown}
Wands
 y - a wand of flame (11)
 B - a wand of disintegration (6)
 P - a wand of polymorph (14)
Scrolls
 g - 12 scrolls of remove curse
 h - 9 scrolls of identify
 i - a scroll of fog
 j - 5 scrolls of enchant armour
 l - 7 scrolls of amnesia
 o - 5 scrolls of teleportation
 r - a scroll of vulnerability
 w - 4 scrolls of enchant weapon
 z - a scroll of noise
 I - a scroll of immolation
Potions
 b - 2 potions of brilliance
 d - a potion of might
 e - 4 potions of haste
 k - a potion of cancellation
 s - 2 potions of lignification
 v - 5 potions of curing
 C - 4 potions of mutation {unknown}
 D - 2 potions of degeneration {unknown}
 E - a potion of ambrosia {unknown}
 K - a potion of magic {unknown}
 Q - 2 potions of resistance {unknown}
Books
 m - a manual of Short Blades
Comestibles
 f - 17 rations {!d}


   Skills:
 + Level 13.4 Fighting
 + Level 14.0 Axes
 - Level 8.0 Throwing
 - Level 9.4 Armour
 * Level 10.0 Dodging
 + Level 13.3 Shields


You had 12 spell levels left.
You didn't know any spells.
Your spell library was empty.

Dungeon Overview and Level Annotations

Branches:
Dungeon (9/12)             Temple (0/1) D:4            Lair (6/6) D:8
  Swamp (0/3) Lair:4        Snake (0/3) Lair:4        Slime (0/5) Lair:6
    Orc: D:8-11

Altars:
Cheibriados
Elyvilon
Fedhas
Gozag
Kikubaaqudgha
Nemelex Xobeh
Okawaru
Qazlal
Ru
Sif Muna
Trog
Uskayaw
Wu Jian
Yredelemnul
Zin
The Shining One
Jiyva

Shops:
D:7 }   D:9 ?

Annotations:
Lair:1 exclusion: 2 oklob plants
Lair:2 3 runed translucent doors, JackS81's ghost, journeyman MiAc


Innate Abilities, Weirdness & Mutations

You reflexively headbutt those who attack you in melee.
You have a pair of horns on your head.


Message History

You hit the dire elephant but do no damage.
You headbutt the dire elephant.
The dire elephant is almost dead.
You hit the dire elephant but do no damage.
The dire elephant barely misses you.
You block the dire elephant's attack. x2
The dire elephant closely misses you.
You feel much better. The dire elephant closely misses you.
You furiously retaliate!
You headbutt the dire elephant. You block the dire elephant's attack.
The dire elephant tramples you!
* * * LOW HITPOINT WARNING * * *
You hold your ground!
The dire elephant trunk-slaps you but does no damage.
You hit the dire elephant but do no damage.
The dire elephant is almost dead.
You slash the dire elephant! The dire elephant tramples you!!
* * * LOW HITPOINT WARNING * * *
You hold your ground!
You block the dire elephant's attack. The dire elephant tramples you!
You die...
Your body crumbles into a pile of gold.

###### #.#..## ......# ......##
.......# ##'##''###############
#8.8#....8##.≈≈##...!##
#...#.....'..≈≈≈'Y..(}#
#.#.####.8#.≈≈≈≈@Y..?:#
#+#....####.≈≈≈≈#...[##
####P...#≈≈≈≈.######
####.###≈.###8.8##
#♣♣♣##..P#####8.⌠.8#####.. ###
##♣....###...........P.....###..
#♣.......♣########'''########♣...
.........................♣.......
.................................


You could see 2 dire elephants.

Vanquished Creatures
  3 hydras
  A centaur warrior (D:9)
  A two-headed ogre (D:9)
  An anaconda (Lair:6)
  An unseen horror (D:9)
  An orc knight (D:9)
  A lindwurm (Lair:6)
  A manticore (Lair:6)
  A necromancer (Lair:4)
  20 elephants
  2 ugly things
  Joseph (D:9)
  Maurice (D:8)
  3 black mambas
  A gargoyle (D:9)
  4 rime drakes
  11 cane toads
  A torpor snail (Lair:6)
  2 komodo dragons
  2 polar bears (Lair:5)
  A hornet (D:9)
  3 slime creatures (Lair:6)
  A bog body (Lair:4)
  7 blink frogs
  6 dream sheep (Lair:6)
  9 hippogriffs
  25 yaks
  Sigmund (D:6)
  2 wyverns
  3 basilisks
  2 hungry ghosts
  Edmund (D:4)
  2 nagas (Lair:4)
  6 crocodiles
  4 swamp worms (Lair:4)
  12 water moccasins
  8 porcupines
  5 sky beasts
  A phantom (D:6)
  An ice beast (D:6)
  A necrophage (D:8)
  9 wolves
  5 centaurs
  6 ogres
  4 boggarts (Lair:5)
  9 bullfrogs
  A big kobold (D:9)
  A gnoll sergeant (D:8)
  2 wyvern zombies
  4 scorpions
  6 killer bees (D:9)
  9 wights
  5 howler monkeys
  An electric eel (Lair:4)
  8 crimson imps
  A bullfrog zombie (D:7)
  A quasit (D:9)
  5 orc priests
  2 centaur skeletons
  5 hounds
  2 jellies
  Crazy Yiuf (D:7)
  3 iguanas (D:8)
  3 orc wizards
  8 worker ants
  7 hell rats (Lair:5)
  2 yak simulacra (Lair:4)
  3 polar bear simulacra (Lair:4)
  2 wolf simulacra (Lair:4)
  A hound skeleton (D:7)
  A worker ant zombie (D:7)
  8 gnolls
  A river rat (D:6)
  18 adders
  8 shadow imps
  An ooze (D:2)
  An adder zombie (D:8)
  2 adder skeletons
  5 worms
  2 dart slugs
  14 leopard geckos
  36 orcs
  11 giant cockroaches
  6 goblins
  7 hobgoblins
  15 jackals
  3 quokkas
  7 ball pythons
  2 bats
  4 frilled lizards
  A jackal skeleton (D:6)
  6 kobolds
  6 rats
  4 river rat simulacra (Lair:4)
  4 fungi
  A plant (Lair:6)
450 creatures vanquished.

Vanquished Creatures (others)
  A fungus (Lair:6)
  13 plants
14 creatures vanquished.

Grand Total: 464 creatures vanquished

Notes
Turn   | Place    | Note
-------+----------+-------------------------------------------
     0 | D:1      | Mrkan the Minotaur Fighter began the quest for the Orb.
     0 | D:1      | Reached XP level 1. HP: 19/19 MP: 0/0
   403 | D:1      | Reached XP level 2. HP: 27/27 MP: 1/1
   462 | D:1      | Reached skill level 3 in Axes
   684 | D:2      | Reached XP level 3. HP: 30/33 MP: 2/2
   728 | D:2      | Found an opulent altar of Gozag.
   754 | D:2      | Found a bloodstained altar of Trog.
   758 | D:2      | Became a worshipper of Gozag Ym Sagoz the Greedy
   978 | D:2      | Found a blossoming altar of Fedhas.
  1369 | D:3      | Reached XP level 4. HP: 39/40 MP: 3/3
  1397 | D:3      | Reached skill level 4 in Axes
  1633 | D:3      | Reached XP level 5. HP: 26/47 MP: 4/4
  1824 | D:3      | Noticed a centaur
  1843 | D:3      | Killed a centaur
  1843 | D:3      | Reached skill level 5 in Axes
  2069 | D:3      | Reached XP level 6. HP: 55/55 MP: 5/5
  2297 | D:3      | Reached skill level 5 in Armour
  2422 | D:4      | Reached skill level 5 in Fighting
  2460 | D:4      | Reached skill level 5 in Shields
  2472 | D:4      | Reached skill level 6 in Axes
  2577 | D:4      | Reached XP level 7. HP: 20/61 MP: 6/6
  2795 | D:4      | Noticed Edmund
  2810 | D:4      | Killed Edmund
  2832 | D:4      | Found a shimmering blue altar of Sif Muna.
  2832 | D:4      | Found an iron altar of Okawaru.
  2832 | D:4      | Found a hide-covered altar of Uskayaw.
  2928 | D:4      | Reached skill level 7 in Axes
  2933 | D:4      | Found a staircase to the Ecumenical Temple.
  3323 | D:4      | Found a stormy altar of Qazlal.
  3395 | D:4      | Got a steaming plate armour
  3554 | D:4      | Identified the +2 plate armour of Protective Custody
                  | {Dex+5} (You found it on level 4 of the Dungeon)
  3581 | D:5      | Entered Level 5 of the Dungeon
  3680 | D:5      | Noticed a hippogriff
  3686 | D:5      | Killed a hippogriff
  3686 | D:5      | Reached XP level 8. HP: 56/70 MP: 7/7
  3944 | D:5      | Reached skill level 8 in Axes
  4009 | D:5      | Found a glowing silver altar of Zin.
  4009 | D:5      | Found a glowing golden altar of the Shining One.
  4010 | D:5      | Found a white marble altar of Elyvilon.
  4547 | D:6      | Found a glowing drain.
  4569 | Sewer    | Entered a sewer
  4717 | Sewer    | Reached skill level 9 in Axes
  5077 | D:6      | Noticed Sigmund
  5083 | D:6      | Killed Sigmund
  5083 | D:6      | Reached XP level 9. HP: 79/79 MP: 8/8
  5484 | D:6      | Reached skill level 10 in Axes
  6726 | D:7      | Found Ufusagg's Gadget Shoppe.
  6768 | D:7      | Found a snail-covered altar of Cheibriados.
  6827 | D:7      | Found a sparkling altar of Nemelex Xobeh.
  6899 | D:7      | Found a runed door.
  6903 | D:7      | Noticed Crazy Yiuf
  6908 | D:7      | Killed Crazy Yiuf
  6908 | D:7      | Reached skill level 11 in Axes
  7060 | D:8      | Reached XP level 10. HP: 71/90 MP: 9/9
  7104 | D:8      | Noticed Maurice
  7447 | D:8      | Noticed a purple ugly thing
  7460 | D:8      | Killed a purple ugly thing
  7809 | D:8      | Found a sacrificial altar of Ru.
  7854 | D:8      | Found an ornate altar of the Wu Jian Council.
  8010 | D:8      | Killed Maurice
  8010 | D:8      | Reached skill level 12 in Axes
  8348 | D:8      | Found a staircase to the Lair.
  8366 | Lair:1   | Entered Level 1 of the Lair of Beasts
  8597 | D:9      | Reached skill level 1 in Throwing
  8613 | D:9      | Noticed Joseph
  8633 | D:9      | Killed Joseph
  8633 | D:9      | Reached XP level 11. HP: 45/98 MP: 10/10
  8682 | D:9      | Noticed a brown ugly thing
  8700 | D:9      | Killed a brown ugly thing
  8700 | D:9      | Reached skill level 10 in Shields
  8732 | D:9      | Reached skill level 10 in Fighting
  9198 | D:9      | Got a steaming chain mail
  9199 | D:9      | Noticed an orc knight
  9222 | D:9      | Killed an orc knight
  9322 | D:9      | Found Mykaedoj's Magic Scroll Shop.
  9410 | D:9      | Identified the +5 chain mail "Amedum" {rPois Slay+5} (You
                  | found it on level 9 of the Dungeon)
  9426 | D:9      | Noticed a centaur warrior
  9435 | D:9      | Killed a centaur warrior
  9435 | D:9      | Reached skill level 5 in Throwing
  9800 | D:9      | Noticed a two-headed ogre
  9805 | D:9      | Killed a two-headed ogre
 10093 | D:9      | Killed an unseen horror
 10462 | Lair:1   | Noticed an oklob plant
 10462 | Lair:1   | Noticed an oklob plant
 10504 | Lair:1   | Got a dazzling dagger
 11451 | Lair:2   | Found a runed translucent gate.
 11451 | Lair:2   | Found a runed translucent gate.
 11451 | Lair:2   | Found a runed translucent gate.
 11462 | Lair:2   | Noticed JackS81's ghost (journeyman MiAc)
 11503 | Lair:2   | Found an ancient bone altar of Kikubaaqudgha.
 11592 | Lair:2   | Noticed a six-headed hydra
 11606 | Lair:2   | Killed a six-headed hydra
 11606 | Lair:2   | Reached XP level 12. HP: 74/109 MP: 11/11
 11755 | Lair:2   | Reached skill level 1 in Dodging
 12753 | Lair:3   | Noticed a five-headed hydra
 12783 | Lair:3   | Killed an eight-headed hydra
 13505 | Lair:4   | Found a staircase to the Swamp.
 13755 | Lair:4   | Reached skill level 5 in Dodging
 13765 | Lair:4   | Found a staircase to the Snake Pit.
 13992 | Lair:4   | Reached skill level 13 in Axes
 14835 | Lair:5   | Reached XP level 13. HP: 62/118 MP: 12/12
 15839 | Lair:6   | Entered Level 6 of the Lair of Beasts
 16591 | Lair:6   | Found a viscous altar of Jiyva.
 16593 | Lair:6   | Found a basalt altar of Yredelemnul.
 16621 | Lair:6   | Found a staircase to the Slime Pits.
 17315 | Lair:6   | Reached skill level 14 in Axes
 17315 | Lair:6   | Reached skill level 10 in Dodging
 17330 | Lair:6   | Noticed a dire elephant
 17330 | Lair:6   | Noticed a dire elephant
 17348 | Lair:6   | HP: 3/122 [dire elephant (29)]
 17348 | Lair:6   | Mangled by a dire elephant

Skill      XL: |  1  2  3  4  5  6  7  8  9 10 11 12 13 |
---------------+----------------------------------------+-----
Axes           | 3 4 5 6 7 9 11 12 13 14 | 14.0
Fighting       | 4 5 6 7 8 9 11 12 13 | 13.4
Armour         | 4 5 6 7 8 9 |  9.4
Shields        | 4 5 6 7 8 9 11 12 13 | 13.3
Throwing       | 3 8 |  8.0
Dodging        | 7 10 | 10.0

Action                   |  1- 3 |  4- 6 |  7- 9 | 10-12 | 13-15 || total
-------------------------+-------+-------+-------+-------+-------++-------
Melee: War axe           |    83 |    95 |   410 |   546 |   189 ||  1323
       Headbutt          |    12 |     9 |    92 |   147 |    58 ||   318
Throw: Stone             |       |       |       |    39 |    11 ||    50
  Use: Potion            |       |       |     1 |     2 |     2 ||     5
       Scroll            |       |       |       |    18 |       ||    18
 Stab: Distracted        |       |       |     2 |     1 |     1 ||     4
  Eat: Ration            |       |     2 |     6 |     7 |     2 ||    17
Armor: Scale mail        |    30 |    40 |    28 |       |       ||    98
       Plate armour      |       |       |   144 |   108 |       ||   252
       Chain mail        |       |       |       |   178 |   112 ||   290
Dodge: Dodged            |    22 |    34 |    68 |   147 |    99 ||   370
Block: Shield            |    41 |    61 |   221 |   356 |   169 ||   848
